 Dungeon Crawl Stone Soup version 0.26-a0-800-g517d6fe721 (webtiles) character file.

Game seed: 17182172846578047208

73 jalala the Bolt Thrower (level 4, -3/28 HPs)
             Began as a Kobold Hunter on Nov 11, 2020.
             Killed from afar by a white imp (8 damage)
             ... with a puff of frost
             ... on level 3 of the Dungeon.
             The game lasted 00:02:19 (1557 turns).

jalala the Bolt Thrower (Kobold Hunter)             Turns: 1557, Time: 00:02:19

Health: -3/28      AC:  4    Str: 10    XL:     4   Next: 51%
Magic:  4/4        EV: 14    Int: 12    God:
Gold:   92         SH:  0    Dex: 15    Spells: 3/3 levels left

rFire    . . .     SeeInvis .   b - +1 long sword (vorpal)
rCold    . . .     Faith    .   (shield restricted)
rNeg     . . .     Spirit   .   c - +0 leather armour
rPois    .         Reflect  .   (no helmet)
rElec    .         Harm     .   (no cloak)
rCorr    .         Rampage  .   (no gloves)
MR       .....                  g - +0 pair of boots
Stlth    +++.......             h - amulet of regeneration
HPRegen  0.49/turn              (no ring)
MPRegen  0.09/turn              (no ring)

@: no status effects
A: small, nightstalker 3
a: no special abilities


You were on level 3 of the Dungeon.
You visited 1 branch of the dungeon, and saw 3 of its levels.

You collected 92 gold pieces.

Inventory:

Hand Weapons
 a - a +1 hand crossbow
 b - a +1 vorpal long sword (weapon)
Missiles
 d - 75 bolts
Armour
 c - a +0 leather armour (worn)
 g - a +0 pair of boots (worn)
 q - a +2 plate armour of poison resistance
Jewellery
 h - an amulet of regeneration (around neck)
Scrolls
 i - 3 scrolls of remove curse {unknown}
 k - a scroll of identify {unknown}
 m - a scroll of magic mapping {unknown}
Potions
 e - 2 potions of brilliance {unknown}
 f - a potion of attraction {unknown}
 j - a potion of mutation {unknown}
 l - a potion of flight {unknown}
 n - a potion of berserk rage {unknown}
 o - a potion of invisibility {unknown}
 p - a potion of might {unknown}


   Skills:
 + Level 3.3 Fighting
 * Level 6.2 Crossbows
 + Level 0.0 Armour
 + Level 2.4 Dodging
 - Level 1.3 Stealth


You had 3 spell levels left.
You didn't know any spells.
Your spell library was empty.

Dungeon Overview and Level Annotations

Branches:
Dungeon (3/15)

Altars:
Trog


Innate Abilities, Weirdness & Mutations

You are small and have problems with some larger weapons.
You are completely attuned to the shadows.


Message History

You are too injured to fight recklessly!
You are too injured to fight recklessly!
a - a +1 hand crossbow (weapon)
The white imp puffs mist at you.
Firing (i - inventory)
d - 76 bolts (quivered)
Press: ? - help, Shift-Dir - straight line, f - white imp
Aim: a white imp You shoot a bolt.
The bolt barely misses the white imp.
The white imp completely misses you.
b - a +1 vorpal long sword (weapon)
You hit the white imp.
The white imp is moderately wounded.
The white imp hits you. The white imp freezes you.
* * * LOW HITPOINT WARNING * * *
The white imp barely misses you.
You hit the white imp but do no damage.
The white imp is moderately wounded.
The white imp gestures at you. The puff of frost hits you!
You die...

#.......# #.......#
##.......#
.......... #...@5.(#
###..#### ##.###
#...# #+# ###.# #.#
#.# #.# #.# ##.##
#.#
####...###########.#


You could see a white imp.

Vanquished Creatures
  Terence (D:2)
  A gnoll (D:2)
  An ooze (D:1)
  A worm (D:2)
  2 leopard geckos (D:2)
  3 bats
  2 hobgoblins (D:1)
  4 jackals (D:1)
  2 kobolds (D:1)
  2 frilled lizards
  6 goblins
  7 rats
32 creatures vanquished.

Notes
Turn   | Place    | Note
-------+----------+-------------------------------------------
     0 | D:1      | jalala the Kobold Hunter began the quest for the Orb.
     0 | D:1      | Reached XP level 1. HP: 12/12 MP: 1/1
   136 | D:1      | Reached skill level 5 in Crossbows
   136 | D:1      | Reached XP level 2. HP: 9/18 MP: 2/2
   534 | D:1      | Reached XP level 3. HP: 21/22 MP: 3/3
   819 | D:2      | Noticed Terence
   845 | D:2      | Killed Terence
   845 | D:2      | Reached skill level 6 in Crossbows
   845 | D:2      | Reached XP level 4. HP: 3/28 MP: 4/4
   984 | D:2      | Noticed a moth of wrath
   987 | D:2      | Found a bloodstained altar of Trog.
  1557 | D:3      | Killed from afar by a white imp

Illustrated notes

Levels and vault maps discovered:
D:1:      minmay_arrival_diagonal_passages, layout_rooms
D:2:      layout_loops_cross, tgw_trog, uniq_terence
D:3:      layout_loops_corners, doesnt_xom_only_xom

Skill      XL: |  1  2  3 |
---------------+----------+-----
Crossbows      | 5 6 |  6.2
Fighting       | 3 |  3.3
Dodging        | |  2.4
Stealth        | |  1.3

Action                   |  1- 3 |  4- 6 || total
-------------------------+-------+-------++-------
Melee: Short sword       |    91 |    31 ||   122
       Long sword        |       |     8 ||     8
 Fire: Hand crossbow     |     5 |     6 ||    11
 Stab: Sleeping          |     6 |     2 ||     8
Armor: Leather armour    |    26 |     8 ||    34
Dodge: Dodged            |    89 |    36 ||   125

Table legend: (Time is in decaauts)
 A = Elapsed time spent in this place.
 B = Non-inter-level travel time spent in this place.
 C = Inter-level travel time spent in this place.
 D = Time resting spent in this place.
 E = Time spent auto-exploring this place.
 F = Levels seen in this place.
 G = Mean time per level.
                   A        B        C        D        E       F      G
               +--------+--------+--------+--------+--------+-----+--------+
         Total |   1567 |   1516 |     51 |    203 |   1000 |   3 |  522.3 |
       Dungeon |   1567 |   1516 |     51 |    203 |   1000 |   3 |  522.3 |
               +--------+--------+--------+--------+--------+-----+--------+

Top non-repeatable levels by time:
     D:2: 808 daAuts
     D:1: 719 daAuts
     D:3: 39 daAuts
